 Dungeon Sprint DCSS version 0.13-a0-2995-g9a84c3d (webtiles) character file.

8600000 Misa the Conqueror (level 25, -2/185 HPs)
             Began as a Gargoyle Monk on Sept 8, 2013.
             Was the Champion of Makhleb.
             Slain by a destroyer
             ... wielding a +9,+9 great sword of slicing
              (124 damage)
             ... in the Dungeon (Sprint VIII: "Arena of Blood").
             The game lasted 00:05:05 (86 turns).

Misa the Conqueror (Gargoyle Monk)                    Turns: 86, Time: 00:05:05

HP  -2/185       AC 23     Str 17      XL: 25   Next: 52%
MP  23/48        EV 35     Int 13      God: Makhleb [******]
Gold 0           SH  0     Dex 20      Spells:  0 memorised, 78 levels left

Res.Fire  : . . .   See Invis. : .   i - +∞ Axe of Woe
Res.Cold  : . . .   Warding    : .   a - +0 robe
Life Prot.: + . .   Conserve   : .   (no shield)
Res.Poison: +       Res.Corr.  : .   (no helmet)
Res.Elec. : +       Clarity    : .   (no cloak)
Sust.Abil.: . .     Spirit.Shd : .   (no gloves)
Res.Mut.  : .       Prev.Telep.: +   (no boots)
Res.Rott. : +       Flight     : +   (no amulet)
Saprovore : . . .                    (no ring)
                                     (no ring)

@: flying, quite resistant to hostile enchantments, incredibly stealthy
A: large and strong wings, fangs 1, talons 2, life protection 1, electricity
resistance, slow metabolism 1, unbreathing, petrification resistance, AC +19
a: Stop Flying, Minor Destruction, Lesser Servant of Makhleb, Major Destruction,
Greater Servant of Makhleb, Renounce Religion


You were in the Dungeon.
You worshipped Makhleb.
Makhleb was exalted by your worship.
You were not hungry.

You visited 1 branch

Inventory:

Hand weapons
 i - the +∞,+∞ Axe of Woe (weapon)
   (You found it in the Dungeon)
Armour
 a - a +0 robe (worn)
Comestibles
 b - a bread ration
Potions
 c - a potion of curing
 d - a potion of heal wounds
 e - a potion of speed
 f - 2 potions of magic
 g - a potion of berserk rage


   Skills:
 O Level 27 Fighting
 O Level 27 Axes
 O Level 27 Throwing
 O Level 27 Armour
 O Level 27 Dodging
 O Level 27 Stealth
 O Level 27 Unarmed Combat
 O Level 27 Spellcasting
 O Level 27 Invocations


You had 78 spell levels left.
You didn't know any spells.

Dungeon Overview and Level Annotations

Branches:
Dungeon (1/1)

Altars:
Makhleb


Innate Abilities, Weirdness & Mutations

You are resistant to torment.
You are immune to poison.
You can fly continuously.
Your stone body is very resilient (AC +19).
Your wings are large and strong.
You have very sharp teeth.
You have razor-sharp toenails.
You resist negative energy.
You are resistant to electric shocks.
You have a slow metabolism.
You can survive without breathing.
You are immune to petrification.


Message History

You feel a little better.
You hew the meat berserker savagely.
You kill the meat berserker!
Makhleb accepts your kill.
You feel a little better.
You are engulfed in roaring flames.
You hear a shout!
The eight-headed meat hydra calls on the powers of darkness!
Your body is wracked with pain!
The bag of meat convulses!
The bag of meat convulses!
The eight-headed meat hydra convulses!
The bag of meat convulses!
You hear a shout!
Unknown command.
You are engulfed in roaring flames.
You hear a shout!
The destroyer is engulfed in roaring flames.
The destroyer blinks!
You hear a shout!
The destroyer is engulfed in roaring flames.
The destroyer hits you with a +9,+9 great sword of slicing!
Ouch! That really hurt!
You die...

...... ..... ..
#.... .# §. #...
..# ...###...
..###.
........###V.....
#.......§_..%.%C
#§§§.%# #@Vo%_#
#§§§%.#
#......%%_%.oD..
....o...###.o....
...###... %.###.
.. #§.. ..# #.O..
.# ..... ..
......


You could see 2 destroyers, an eight-headed meat hydra, a meat berserker
(berserk) and 3 bags of meat.

Vanquished Creatures
  A greater mummy (D)
  3 hell beasts (D)
  5 hill giants (D)
  A hydra (D)
  A lich (D)
  19 ogres (D)
  34 orcs (D)
  3 skeletal warriors (D)
  5 vampire knights (D)
  2 wraiths (D)
  17 large abominations (D)
  4 tentacled monstrosities (D)
  A reaper (D)
  3 small abominations (D)
  2 crawling corpses (D)
101 creatures vanquished.

Vanquished Creatures (others)
  A green death (D)
  A crawling corpse (D)
2 creatures vanquished.

Grand Total: 103 creatures vanquished

Notes
Turn   | Place    | Note
--------------------------------------------------------------
     0 | D        | Misa, the Gargoyle Monk, began the quest for the Orb.
     0 | D        | Reached XP level 1. HP: 12/12 MP: 0/0
     3 | D        | Noticed a bag of meat
     3 | D        | Noticed a meat berserker
     5 | D        | Killed a meat berserker
     5 | D        | Reached skill level 17 in Fighting
     5 | D        | Reached XP level 2. HP: 17/20 MP: 1/1
     5 | D        | Reached XP level 3. HP: 22/26 MP: 2/2
     5 | D        | Reached XP level 4. HP: 27/32 MP: 3/3
     5 | D        | Reached XP level 5. HP: 32/38 MP: 4/4
     5 | D        | Reached XP level 6. HP: 37/44 MP: 5/5
     5 | D        | Reached XP level 7. HP: 42/51 MP: 6/6
     5 | D        | Reached XP level 8. HP: 46/57 MP: 7/7
     5 | D        | Reached XP level 9. HP: 50/63 MP: 8/8
     5 | D        | Reached XP level 10. HP: 54/69 MP: 9/9
     5 | D        | Reached XP level 11. HP: 58/75 MP: 10/10
     6 | D        | Noticed a bag of meat
     7 | D        | Noticed a bag of meat
     7 | D        | Became a worshipper of Makhleb the Destroyer
     7 | D        | Acquired Makhleb's first power
     7 | D        | Acquired Makhleb's second power
     9 | D        | Noticed a bag of meat
    10 | D        | Killed a bag of meat
    10 | D        | Reached skill level 19 in Fighting
    10 | D        | Reached skill level 15 in Dodging
    10 | D        | Reached XP level 12. HP: 64/84 MP: 11/11
    11 | D        | Noticed a bag of meat
    11 | D        | Killed a bag of meat
    11 | D        | Reached skill level 21 in Fighting
    11 | D        | Reached XP level 13. HP: 89/92 MP: 12/12
    13 | D        | Killed a bag of meat
    13 | D        | Reached skill level 22 in Fighting
    13 | D        | Gained mutation: Your wings are large and strong. [gargoyle growth]
    13 | D        | Reached XP level 14. HP: 97/100 MP: 13/13
    15 | D        | Noticed a meat berserker
    15 | D        | Noticed a meat berserker
    16 | D        | Noticed a bag of meat
    17 | D        | Noticed a bag of meat
    17 | D        | Noticed a bag of meat
    17 | D        | Killed a bag of meat
    17 | D        | Acquired Makhleb's third power
    17 | D        | Reached skill level 23 in Fighting
    17 | D        | Killed a meat berserker
    17 | D        | Reached skill level 24 in Fighting
    17 | D        | Reached XP level 15. HP: 107/110 MP: 10/14
    18 | D        | Killed a meat berserker
    18 | D        | Reached skill level 25 in Fighting
    19 | D        | Noticed a meat berserker
    19 | D        | Killed a bag of meat
    19 | D        | Acquired Makhleb's fourth power
    20 | D        | Killed a bag of meat
    20 | D        | Reached skill level 26 in Fighting
    20 | D        | Reached XP level 16. HP: 119/121 MP: 10/15
    21 | D        | Noticed a bag of meat
    22 | D        | Noticed a meat berserker
    22 | D        | Killed a meat berserker
    22 | D        | Reached skill level 27 in Fighting
    24 | D        | Killed a bag of meat
    24 | D        | Acquired Makhleb's fifth power
    25 | D        | Noticed a destroyer
    25 | D        | Killed a meat berserker
    26 | D        | Killed a destroyer
    26 | D        | Reached skill level 15 in Armour
    26 | D        | Reached XP level 17. HP: 128/128 MP: 11/16
    27 | D        | Noticed a destroyer
    27 | D        | Killed a bag of meat
    28 | D        | Noticed a bag of meat
    30 | D        | Noticed a bag of meat
    31 | D        | Noticed a large bag of meat
    31 | D        | Noticed a large bag of meat
    32 | D        | Noticed a bag of meat
    33 | D        | Noticed a meat berserker
    33 | D        | Noticed a sculptor of flesh
    34 | D        | Noticed a sculptor of flesh
    34 | D        | Killed a bag of meat
    35 | D        | Noticed a bag of meat
    36 | D        | Noticed an eight-headed meat hydra
    37 | D        | Noticed a bag of meat
    37 | D        | Noticed a meat berserker
    37 | D        | Killed a meat berserker
    37 | D        | Reached skill level 27 in Axes
    38 | D        | Noticed a bag of meat
    38 | D        | Noticed a large bag of meat
    38 | D        | Reached XP level 18. HP: 136/136 MP: 13/17
    40 | D        | Noticed a bag of meat
    40 | D        | Noticed a large bag of meat
    40 | D        | Killed a bag of meat
    41 | D        | Noticed a bag of meat
    41 | D        | Noticed a destroyer
    41 | D        | Killed a bag of meat
    42 | D        | Killed a sculptor of flesh
    42 | D        | Killed a large bag of meat
    42 | D        | Reached skill level 27 in Dodging
    42 | D        | Killed a destroyer
    42 | D        | Killed a bag of meat
    42 | D        | Reached skill level 27 in Armour
    42 | D        | Killed a meat berserker
    42 | D        | Reached XP level 19. HP: 143/143 MP: 13/36
    43 | D        | Noticed a bag of meat
    43 | D        | Noticed a destroyer
    43 | D        | Killed a large bag of meat
    43 | D        | Killed a sculptor of flesh
    44 | D        | Noticed a bag of meat
    45 | D        | Killed a large bag of meat
    46 | D        | Noticed a bag of meat
    46 | D        | Noticed a meat berserker
    46 | D        | Killed a nine-headed meat hydra
    47 | D        | Noticed an accursed
    47 | D        | Noticed a bag of meat
    47 | D        | Killed a bag of meat
    48 | D        | Killed a bag of meat
    48 | D        | Reached skill level 27 in Invocations
    48 | D        | Reached skill level 5 in Throwing
    48 | D        | Killed a destroyer
    48 | D        | Reached skill level 10 in Stealth
    48 | D        | Reached skill level 10 in Unarmed Combat
    48 | D        | Killed a bag of meat
    48 | D        | Reached skill level 10 in Throwing
    48 | D        | Reached XP level 20. HP: 150/150 MP: 14/41
    49 | D        | Noticed a meat berserker
    49 | D        | Killed a bag of meat
    50 | D        | Killed a large bag of meat
    50 | D        | Reached skill level 15 in Stealth
    50 | D        | Killed a meat berserker
    50 | D        | Reached skill level 15 in Unarmed Combat
    50 | D        | Killed a bag of meat
    50 | D        | Reached skill level 15 in Throwing
    51 | D        | Noticed a tyrant
    52 | D        | Killed a meat berserker
    52 | D        | Reached skill level 15 in Spellcasting
    53 | D        | Killed a bag of meat
    54 | D        | Noticed a meat berserker
    54 | D        | Noticed a bag of meat
    54 | D        | Killed a destroyer
    54 | D        | Reached XP level 21. HP: 138/156 MP: 16/41
    56 | D        | Noticed a meat berserker
    56 | D        | Killed a bag of meat
    56 | D        | Killed a bag of meat
    57 | D        | Noticed a bag of meat
    58 | D        | Killed a meat berserker
    59 | D        | Noticed a bag of meat
    59 | D        | Noticed a bag of meat
    61 | D        | Noticed a meat berserker
    61 | D        | Noticed a meat beast
    62 | D        | Killed a tyrant
    62 | D        | Killed a bag of meat
    63 | D        | Noticed a bag of meat
    63 | D        | Noticed a meat berserker
    63 | D        | Killed an accursed
    63 | D        | Killed a meat berserker
    63 | D        | Reached XP level 22. HP: 164/164 MP: 17/44
    64 | D        | Noticed a meat berserker
    64 | D        | Killed a bag of meat
    64 | D        | Reached skill level 27 in Stealth
    64 | D        | Killed a meat berserker
    66 | D        | Noticed a bag of meat
    66 | D        | Noticed a bag of meat
    66 | D        | Noticed a destroyer
    66 | D        | Noticed a bag of meat
    66 | D        | Killed a meat beast
    66 | D        | Reached skill level 27 in Unarmed Combat
    67 | D        | Noticed a large bag of meat
    67 | D        | Noticed a bag of meat
    67 | D        | Noticed a bag of meat
    68 | D        | Noticed a meat berserker
    68 | D        | Noticed a meat berserker
    68 | D        | Noticed a dread
    69 | D        | Killed a meat berserker
    70 | D        | Noticed a bag of meat
    70 | D        | Noticed a meat beast
    70 | D        | Killed a bag of meat
    70 | D        | Reached skill level 27 in Throwing
    71 | D        | Noticed a bag of meat
    71 | D        | Noticed a dread
    71 | D        | Killed a dread
    71 | D        | Reached skill level 27 in Spellcasting
    71 | D        | Killed a meat beast
    71 | D        | Reached XP level 23. HP: 171/171 MP: 19/47
    71 | D        | Killed a dread
    72 | D        | Noticed a sculptor of flesh
    72 | D        | Killed a meat berserker
    73 | D        | Noticed a meat berserker
    73 | D        | Killed a bag of meat
    74 | D        | Noticed a meat berserker
    74 | D        | Killed a meat berserker
    75 | D        | Noticed a bag of meat
    75 | D        | Noticed a bag of meat
    75 | D        | Killed a bag of meat
    75 | D        | Killed a meat berserker
    75 | D        | Killed a bag of meat
    77 | D        | Noticed a meat berserker
    77 | D        | Killed a bag of meat
    77 | D        | Reached XP level 24. HP: 179/179 MP: 20/48
    77 | D        | Killed a large bag of meat
    77 | D        | Killed a destroyer
    77 | D        | Killed a bag of meat
    78 | D        | Noticed a meat beast
    78 | D        | Noticed a bag of meat
    79 | D        | Noticed a destroyer
    79 | D        | Killed a bag of meat
    80 | D        | Killed a bag of meat
    80 | D        | Killed a meat berserker
    80 | D        | Killed a bag of meat
    81 | D        | Noticed a destroyer
    81 | D        | Killed a meat berserker
    81 | D        | Reached XP level 25. HP: 185/185 MP: 21/48
    81 | D        | Killed a meat beast
    82 | D        | Noticed a meat berserker
    82 | D        | Killed a bag of meat
    83 | D        | Noticed an eight-headed meat hydra
    83 | D        | Killed a sculptor of flesh
    83 | D        | Killed a bag of meat
    84 | D        | Noticed a bag of meat
    85 | D        | Noticed a bag of meat
    85 | D        | Noticed a meat berserker
    85 | D        | Killed a bag of meat
    85 | D        | Killed a meat berserker
    86 | D        | Slain by a destroyer

Action                   |  1- 3 |  4- 6 |  7- 9 | 10-12 | 13-15 | 16-18 | 19-21 | 22-24 | 25-27 || total
-------------------------+-------+-------+-------+-------+-------+-------+-------+-------+-------++-------
Melee: Executioner's axe |     1 |       |       |     2 |     5 |    11 |    17 |    17 |     3 ||    56
Invok: Greater Servant o |       |       |       |       |       |     1 |       |       |       ||     1
 Abil: Fly               |       |       |       |       |     1 |       |       |       |       ||     1
